 Dungeon Crawl Stone Soup version 0.30.1-11-g7821555f0a (webtiles) character file.

Game seed: 10707613749826052451

32 jagang the Slasher (level 3, -5/30 HPs)
             Began as a Barachi Monk on Dec 20, 2023.
             Slain by a gnoll
             ... wielding a +0 heavy halberd
              (18 damage)
             ... on level 2 of the Dungeon.
             The game lasted 00:01:01 (871 turns).

jagang the Slasher (Barachi Monk)                    Turns: 871, Time: 00:01:02

Health: -5/30      AC:  3    Str: 12    XL:     3   Next: 25%
Magic:  3/3        EV: 12    Int: 10    God:
Gold:   34         SH:  0    Dex: 16    Spells: 2/2 levels left

rFire   . . .        a - +0 falchion
rCold   . . .        d - orb {light}
rNeg    . . .        i - +0 leather armour
rPois   .            (no helmet)
rElec   .            (no cloak)
rCorr   .            (no gloves)
SInv    .            (no boots)
Will    .....        (no amulet)
Stlth   +            (no ring)
HPRegen 0.25/turn    (no ring)
MPRegen 0.08/turn

%: no passive effects
@: glowing, slow
A: amphibious, slowness 1, strong legs 1, +LOS
a: Hop


You were on level 2 of the Dungeon.
You visited 1 branch of the dungeon, and saw 2 of its levels.

You collected 34 gold pieces.

Inventory:

Hand Weapons
 a - a +0 falchion (weapon)
Armour
 d - an orb of light (worn)
 i - a +0 leather armour (worn)
Scrolls
 b - a scroll of immolation {unknown}
 h - 2 scrolls of teleportation {unknown}
 k - a scroll of identify {unknown}
Potions
 c - a potion of ambrosia
 e - a potion of curing {unknown}
 f - a potion of might {unknown}
 g - a potion of heal wounds {unknown}
 j - a potion of lignification {unknown}


   Skills:
 + Level 4.0 Fighting
 * Level 4.5 Long Blades
 + Level 1.4 Armour
 - Level 3.2 Dodging


You had 2 spell levels left.
You didn't know any spells.
Your spell library contained the following spells:

 Spells                   Type           Power      Damage    Failure   Level
 Scorch                   Fire           0%         2d5       58%         2
 Flame Wave               Conj/Fire      0%         2d4       99%         4
 Summon Cactus Giant      Summ           0%         N/A       100%        6


Dungeon Overview and Level Annotations

Branches:
Dungeon (2/15)

Altars:


Innate Abilities, Weirdness & Mutations

You are amphibious.
You cover ground slowly.
You can hop short distances.
You have an extended range of vision and can be seen from far away.


Message History

You kill the ball python!
The hobgoblin hits you but does no damage.
You hit the hobgoblin.
The hobgoblin is severely wounded.
The hobgoblin misses you. The hobgoblin hits you.
You hit the hobgoblin but do no damage.
The hobgoblin is severely wounded.
The hobgoblin barely misses you.
You hit the hobgoblin.
You kill the hobgoblin!
Found 5 stones.
You now have 34 gold pieces (gained 2).
Done exploring.
Done exploring.
Search for what [? for help]?
D:1 You see here a hobgoblin skeleton.
There is a stone staircase leading down here.
You climb downwards.
The gnoll shouts!
You hear a shout! x2; You hear an angry hiss.
There is a stone staircase leading up here. 2 gnolls come into view.
The gnoll shouts! x2
The gnoll hits you with a +0 spear.
The gnoll moves out of view.
You hit the gnoll but do no damage. The gnoll barely misses you.
A gnoll comes into view. It is wielding a +0 heavy halberd.
You hit the gnoll.
The gnoll is heavily wounded.
The gnoll hits you with a +0 spear.
You hit the gnoll.
The gnoll is heavily wounded.
The gnoll hits you with a +0 spear.
You hit the gnoll but do no damage.
The gnoll is heavily wounded.
The gnoll closely misses you. x2
You slash the gnoll!
You kill the gnoll!
The gnoll hits you with a +0 flail.
The gnoll hits you from afar with a +0 heavy halberd!!
Ouch! That really hurt!
You die...

.. ..
.# .#
##.###
##....#
#.<.#
##..##
#)@##
#.g#
gg..#
#.###.#
# ..#
.## .
.. ..


You could see 3 gnolls.

Vanquished Creatures
  A gnoll (D:2)
  An endoplasm (D:1)
  3 giant cockroaches (D:1)
  A goblin (D:1)
  5 hobgoblins (D:1)
  5 jackals (D:1)
  4 kobolds (D:1)
  A quokka (D:1)
  4 ball pythons (D:1)
  2 frilled lizards (D:1)
  A rat (D:1)
28 creatures vanquished.

Notes
Turn   | Place    | Note
-------+----------+-------------------------------------------
     0 | D:1      | jagang the Barachi Monk began the quest for the Orb.
     0 | D:1      | Reached XP level 1. HP: 18/18 MP: 1/1
   184 | D:1      | Reached XP level 2. HP: 19/25 MP: 2/2
   242 | D:1      | Reached skill level 1 in Armour
   611 | D:1      | Reached XP level 3. HP: 30/30 MP: 3/3
   871 | D:2      | Slain by a gnoll

Illustrated notes

Levels and vault maps discovered:
D:1:      minmay_arrival_cross, layout_basic
D:2:      layout_rooms, basic_altar, minmay_misc_feat_four_crosses,
          corexii_item_surrounded_by_moat

Skill      XL: |  1  2 |
---------------+-------+-----
Long Blades    | 4 |  4.5
Armour         | 1 |  1.4
Fighting       | 4 |  4.0
Dodging        | |  3.2

Action                     || total
---------------------------++-------
  Melee: Falchion          ||    70
 Armour: Robe              ||     9
         Leather armour    ||     8
  Dodge: Dodged            ||    42
